 Dungeon Crawl Stone Soup version 0.20-a0-16-g0876c8e (webtiles) character file.

72 vev the Insei (level 4, 0/51 HPs)
             Began as a Vampire Abyssal Knight on Nov 4, 2016.
             Was a Follower of Lugonu.
             Succumbed to an adder's poison
             ... on level 2 of the Dungeon.
             The game lasted 00:04:14 (1340 turns).

vev the Insei (Vampire Abyssal Knight)              Turns: 1340, Time: 00:04:15

Health: 0/51       AC: 22    Str: 11    XL:     4   Next: 6%
Magic:  5/5        EV:  2    Int: 14    God:    Lugonu [*.....]
Gold:   76         SH:  0    Dex: 14    Spells: 0 memorised, 3 levels left

rFire  . . .     SeeInvis +       - Unarmed
rCold  . . .     Gourm    .     (armour currently unavailable)
rNeg   + + +     Faith    .     (no shield)
rPois  +         Spirit   .     (helmet currently unavailable)
rElec  .         Reflect  .     (cloak currently unavailable)
rCorr  .         Harm     .     (gloves currently unavailable)
MR     .....     NoTele   +     (boots currently unavailable)
Stlth  ++........               (no amulet)
                                (no ring)
                                g - +1 ring of evasion

@: lethally poisoned (0 -> -1), tree-form, very slightly contaminated, invisible
A: (fangs 0), see invisible, (unbreathing)
a: Bat Form, Depart the Abyss, Renounce Religion


You were on level 2 of the Dungeon.
You worshipped Lugonu.
Lugonu was aware of your devotion.
You were not thirsty.
You were a tree.
You visited 1 branch of the dungeon, and saw 2 of its levels.
You visited the Abyss 1 time.

You collected 76 gold pieces.

Inventory:

Missiles
 c - a throwing net (quivered)
Armour
 a - a +1 leather armour (melded)
Jewellery
 g - a +1 ring of evasion (left branch)
Scrolls
 d - a scroll of amnesia
 h - 5 scrolls of identify
Potions
 i - a potion of invisibility


   Skills:
 - Level 2.6 Fighting
 - Level 0.7 Armour
 - Level 2.1 Dodging
 + Level 3.1 Stealth
 * Level 4.1 Unarmed Combat
 - Level 1.5 Invocations


You had 3 spell levels left.
You didn't know any spells.

Dungeon Overview and Level Annotations

Branches:
Dungeon (2/15)

Altars:
Nemelex Xobeh


Innate Abilities, Weirdness & Mutations

((You have razor-sharp teeth.))
You have supernaturally acute eyesight. (SInv)
((You can survive without breathing.))


Message History

You feel sick.
* * * LOW HITPOINT WARNING * * *
You feel sick.
As you read the scroll labeled SECWERHOUNKU, it crumbles to dust.
The scroll dissolves into smoke.
It was a scroll of fog.
As you read the scroll labeled BUELYL POMAAT, it crumbles to dust.
It is a scroll of identify.
d - a scroll of amnesia
As you read the scroll labeled PUQUVO DAGH, it crumbles to dust.
You feel blessed for a moment.
It was a scroll of remove curse.
* * * LOW HITPOINT WARNING * * *
You feel sick.
You aren't carrying any items that you can evoke.
* * * LOW HITPOINT WARNING * * *
You feel sick.
* * * LOW HITPOINT WARNING * * *
You feel sick.
* * * LOW HITPOINT WARNING * * *
You feel sick.
You die...

#.# ##...## ...
####.....#.###
...
#..............
...
#[##.#.#.#.####
.. ...#.#.###
##.####.#.# #
#.#.#
#.####.#.#
#.†♣.§...#
######.### ....
#.### #.# .[.
... ..


There were no monsters in sight!

Vanquished Creatures
  4 adders (D:2)
  3 worms (D:2)
  A dart slug (D:2)
  2 giant cockroaches (D:1)
  A goblin (D:1)
  4 hobgoblins
  6 bats
  A frilled lizard (D:2)
  5 rats
27 creatures vanquished.

Notes
Turn   | Place    | Note
-------+----------+-------------------------------------------
     0 | Abyss:1  | vev the Vampire Abyssal Knight began the quest for the Orb.
     0 | Abyss:1  | Reached XP level 1. HP: 17/17 MP: 2/2
     3 | Abyss:1  | Found a corrupted altar of Lugonu.
    43 | Abyss:1  | Noticed a large abomination
    62 | Abyss:1  | Noticed a large abomination
    74 | Abyss:1  | Noticed a hellwing
    77 | D:1      | Escaped the Abyss
   128 | D:1      | Reached skill level 1 in Stealth
   448 | D:1      | Found a sparkling altar of Nemelex Xobeh.
   502 | D:1      | Reached XP level 2. HP: 21/23 MP: 3/3
   624 | D:1      | Reached * piety under Lugonu
   773 | D:2      | Reached skill level 2 in Stealth
   773 | D:2      | Reached skill level 3 in Unarmed Combat
   848 | D:2      | Reached XP level 3. HP: 25/28 MP: 4/4
  1200 | D:2      | Reached skill level 4 in Unarmed Combat
  1312 | D:2      | Reached skill level 3 in Stealth
  1312 | D:2      | Reached XP level 4. HP: 6/34 MP: 5/5
  1316 | D:2      | HP: 3/34 [poisoned by an adder]
  1322 | D:2      | HP: 2/51 [poisoned by an adder]
  1328 | D:2      | HP: 1/51 [poisoned by an adder]
  1336 | D:2      | HP: 1/51 [poisoned by an adder]
  1340 | D:2      | Succumbed to an adder's poison

Vault maps used:
D:1:      grunt_arrival_lava_bath, nemelex_diamond_rough_becter
D:2:      grunt_temple_overflow_octagram, corexii_shack

Skill      XL: |  1  2  3 |
---------------+----------+-----
Stealth        | 1 2 3 |  3.1
Unarmed Combat | 3 4 |  4.1
Fighting       | |  2.6
Armour         | |  0.7
Dodging        | |  2.1
Invocations    | |  1.5

Action                   |  1- 3 |  4- 6 || total
-------------------------+-------+-------++-------
Melee: Unarmed           |   141 |       ||   141
       Bite              |    20 |       ||    20
       Punch             |     1 |       ||     1
Invok: Depart the Abyss  |     1 |       ||     1
  Use: Scroll            |     1 |     3 ||     4
       Potion            |       |     7 ||     7
 Stab: Sleeping          |     4 |       ||     4
Armor: Leather armour    |    40 |       ||    40
Dodge: Dodged            |    77 |       ||    77
